 Dungeon Crawl Stone Soup version 0.27-b1-16-g6517624069 (webtiles) character file.

Game seed: 10665710380306187966

277 pikapanic the Chopper (level 6, -7/51 HPs)
             Began as a Draconian Fighter on July 27, 2021.
             Was an Initiate of Makhleb.
             Killed from afar by Ijyb (13 damage)
             ... with a bolt of acid
             ... on level 3 of the Dungeon.
             The game lasted 00:13:29 (4442 turns).

pikapanic the Chopper (Draconian Fighter)           Turns: 4442, Time: 00:13:29

Health: -7/51      AC:  3    Str: 21    XL:     6   Next: 4%
Magic:  6/6        EV: 10    Int:  8    God:    Makhleb [......]
Gold:   194        SH:  9    Dex: 10    Spells: 5/5 levels left

rFire    . . .     SeeInvis .   a - +0 war axe
rCold    . . .     Faith    .   b - +0 kite shield
rNeg     . . .     Spirit   .   (armour unavailable)
rPois    .         Reflect  .   (helmet restricted)
rElec    .         Harm     .   (no cloak)
rCorr    .         Rampage  .   h - +0 pair of gloves
Will     .....                  (no boots)
Stlth    +.........             (no amulet)
HPRegen  0.17/turn              (no ring)
MPRegen  0.10/turn              (no ring)

@: lethally poisoned (-7 -> -13), corroded
A: AC +6, unfitting armour, cold-blooded
a: Renounce Religion


You were on level 3 of the Dungeon.
You worshipped Makhleb.
Makhleb was noncommittal.
You visited 1 branch of the dungeon, and saw 4 of its levels.

You collected 194 gold pieces.

Inventory:

Hand Weapons
 a - a +0 war axe (weapon)
 l - a +2 dagger of speed
Missiles
 j - 109 stones (quivered)
Armour
 b - a +0 kite shield (worn)
 c - a +0 robe
 h - a +0 pair of gloves (worn)
 i - a +0 scale mail
Jewellery
 e - a ring of ice
Potions
 g - a potion of lignification {unknown}
 k - a potion of mutation {unknown}


   Skills:
 - Level 3.2 Fighting
 + Level 6.2 Axes
 - Level 2.6 Dodging
 - Level 0.5 Stealth
 - Level 3.0 Shields
 + Level 0.5 Unarmed Combat


You had 5 spell levels left.
You didn't know any spells.
Your spell library contained the following spells:

 Spells                   Type           Power      Damage    Failure   Level
 Apportation              Tloc           0%         N/A       90%         1
 Alistair's Intoxication  Tmut/Pois      0%         N/A       100%        5
 Invisibility             Hex            0%         N/A       100%        6


Dungeon Overview and Level Annotations

Branches:
Dungeon (4/15)
 Temple: D:4-7

Altars:
Makhleb

Annotations:
D:3 Ijyb, Sigmund


Innate Abilities, Weirdness & Mutations

Your plain brown scales are hard. (AC +6)
You cannot fit into any form of body armour.
You are cold-blooded and may be slowed by cold attacks.


Message History

* * * LOW HITPOINT WARNING * * *
As you read the scroll of fear, it crumbles to dust.
You assume a fearsome visage.
Sigmund looks frightened!
Sigmund gestures wildly while chanting.
Sigmund flickers and vanishes!
There is a stone staircase leading down here.
You start resting.
HP restored.
You climb downwards.
Reactivating autopickup.
A worm and Ijyb come into view.
Ijyb is wielding a +1 dagger of venom and carrying a wand of acid (10).
Found 4 gold pieces and a scroll of fear.
Found a stone staircase leading up.
There is a stone staircase leading up here.
The helpless Ijyb fails to defend herself.
You hit Ijyb but do no damage. You tail-slap Ijyb, but do no damage.
Ijyb zaps a wand.
The bolt of acid hits you! The acid corrodes you!
You are splashed with acid!
You hit Ijyb but do no damage.
Ijyb zaps a wand.
The bolt of acid misses you.
You closely miss Ijyb.
Ijyb hits you with a +1 dagger of venom.
You are poisoned.
Ijyb hits you with a +1 dagger of venom.
You are lethally poisoned!
You hit Ijyb but do no damage.
Your tail-slap misses Ijyb.
* * * LOW HITPOINT WARNING * * *
You feel extremely sick. You block Ijyb's attack.
* * * LOW HITPOINT WARNING * * *
You feel very sick. Ijyb barely misses you.
You climb upwards.
Level annotation: Sigmund
* * * LOW HITPOINT WARNING * * *
You feel very sick.
There is a stone staircase leading down here.
* * * LOW HITPOINT WARNING * * *
You feel sick.
Ijyb zaps a wand.
The bolt of acid hits you!
You die...

### ################.#
...............[.#
#.##############.# #.# #.# #.#
#########.##### ######### #.#
#.............# ##.#.#.#.# #.#
#........g....###.#.#.#.#. #.#
#........@.......#.#.#.#.# #.#
#.............###.#.#.#.#. #.#
#.............# ##.#.#.#.# #.#
##...####.##### #.#.#^#.#. #.#
#...# #.# ##.#.#.#.#
#.#######...####.#######.#.#.#.#.
#.......'...............#.#.#.#.#
#########...####.######..#.#.#.#.
#.......#.........#.#.#.#.#


You could see Ijyb.

Vanquished Creatures
  3 iron imps (D:3)
  Jessica (D:3)
  Robin (D:3)
  6 adders
  2 dart slugs
  8 orcs (D:3)
  10 bats
  7 endoplasms
  3 giant cockroaches
  12 goblins
  10 hobgoblins
  5 jackals (D:1)
  6 kobolds
  A quokka (D:1)
  6 ball pythons
  5 frilled lizards
  6 rats
92 creatures vanquished.

Notes
Turn   | Place    | Note
-------+----------+-------------------------------------------
     0 | D:1      | pikapanic the Draconian Fighter began the quest for the
                  | Orb.
     0 | D:1      | Reached XP level 1. HP: 19/19 MP: 1/1
   160 | D:1      | Reached XP level 2. HP: 24/26 MP: 2/2
   466 | D:1      | Reached skill level 3 in Axes
   789 | D:1      | Reached XP level 3. HP: 27/31 MP: 3/3
  1370 | D:2      | Reached skill level 4 in Axes
  1743 | D:2      | Reached XP level 4. HP: 38/38 MP: 4/4
  1961 | D:2      | Found a faded altar of an unknown god.
  2396 | D:3      | Noticed Robin
  2907 | D:3      | Found a burning altar of Makhleb.
  2910 | D:3      | Noticed Jessica
  2919 | D:3      | Killed Jessica
  2920 | D:3      | Reached skill level 5 in Axes
  2920 | D:3      | Reached XP level 5. HP: 36/45 MP: 5/5
  3172 | D:3      | Became a worshipper of Makhleb the Destroyer
  3300 | D:3      | Reached skill level 6 in Axes
  3646 | D:3      | Reached XP level 6. HP: 21/51 MP: 6/6
  3661 | D:3      | Killed Robin
  4102 | D:3      | Noticed Sigmund
  4435 | D:4      | Noticed Ijyb
  4442 | D:3      | Killed from afar by Ijyb

Illustrated notes

Levels and vault maps discovered:
D:1:      elethiomel_arrival_quiet, layout_loops_ring, minmay_tetromino_o2
D:2:      layout_basic, chequers_ecumenical_altar_island
D:3:      layout_basic, demons_altar, uniq_robin, uniq_jessica, uniq_sigmund
D:4:      layout_rooms, minmay_misc_feat_four_crosses, uniq_ijyb

Skill      XL: |  1  2  3  4  5 |
---------------+----------------+-----
Axes           | 3 4 5 6 |  6.2
Fighting       | |  3.2
Dodging        | |  2.6
Stealth        | |  0.5
Shields        | |  3.0
Unarmed Combat | |  0.5

Action                   |  1- 3 |  4- 6 || total
-------------------------+-------+-------++-------
Melee: War axe           |   122 |   119 ||   241
       Tailslap          |    11 |    11 ||    22
       Unarmed           |       |    18 ||    18
  Use: Scroll            |     2 |     4 ||     6
       Potion            |       |     3 ||     3
 Stab: Sleeping          |       |     1 ||     1
Armor: Skin              |    61 |    46 ||   107
Dodge: Dodged            |    73 |   104 ||   177
Block: Kite shield       |    90 |    77 ||   167
